AoeStats
← BoBo鸡之印第安走地鸡

Black Forest

510811850Analyzed
4v4 RM · 21h ago on Oct 2, 2026· 51m 40s· 8 players
Game mode
Random Map
Map size
Large (8 player)
Population
200
Speed
Normal
Resources
Standard
Victory
Conquest
Starting age
Dark Age
Ending age
Imperial Age
RankedLock teamsTeams togetherTeam positionsShared explorationLock speedFull tech treeHidden civsTurbo modeCheats
Victory
Defeat
🇺🇸 Saracens · United States
1044
+13
🇪🇸 Italians · Spain
1032
+13
🇺🇸 Khmer · United States
932
+18
877
+19
🇬🇧 Bengalis · United Kingdom
1026
-18
🇹🇷 Varangians · Türkiye
988
-17
🇹🇷 Danes · Türkiye
957
-15
🇹🇷 Turks · Türkiye
906
-13
MadmanMike91
9:36 Loom
11:21 Feudal Age
16:10 Castle Age
15:00 Double-Bit Axe
18:24 Bow Saw
20:58 Horse Collar
28:21 Imperial Age
26:26 Gold Mining
26:27 Stone Mining
26:53 Heavy Plow
28:54 Wheelbarrow
28:23 Town Watch
29:18 Gold Shaft Mining
28:43 Fletching
28:54 Padded Archer Armor
29:05 Forging
29:00 Scale Barding Armor
28:57 Scale Mail Armor
30:50 Two-Man Saw
30:23 Crop Rotation
29:58 Bodkin Arrow
30:23 Hand Cart
30:18 Murder Holes
31:21 Devotion
31:48 Illumination
31:41 Block Printing
31:38 Fervor
31:30 Atonement
32:11 Theocracy
32:07 Sanctity
33:36 Caravan
33:40 Bracer
34:01 Chain Barding Armor
34:16 Iron Casting
33:37 Elite Skirmisher
33:51 Siege Elephant
35:53 Town Patrol
35:50 Pikeman
36:31 Squires
39:04 Onager
42:04 Blast Furnace
41:40 Plate Barding Armor
41:21 Leather Archer Armor
41:21 Chain Mail Armor
41:18 Paiks
41:48 Husbandry
41:59 Bloodlines
43:53 Chemistry
43:13 Ballistics
43:05 Masonry
43:00 Siege Engineers
42:41 Arrowslits
45:19 Mahayana
44:53 Halberdier
45:19 Arson
46:46 Elite Elephant Archer
51:09 Ring Archer Armor
51:11 Architecture
erm
1:08 Loom
13:06 Feudal Age
17:52 Castle Age
15:45 Horse Collar
16:21 Double-Bit Axe
20:32 Bow Saw
22:25 Stone Mining
23:52 Gold Mining
26:20 Wheelbarrow
27:47 Heavy Plow
32:51 Imperial Age
31:19 Gold Shaft Mining
31:16 Hand Cart
31:18 Scale Mail Armor
32:30 Coinage
32:15 Masonry
31:45 Hamask
32:29 Squires
32:15 Arson
34:02 Conscription
33:05 Onager
34:42 Stone Shaft Mining
35:01 Forging
36:02 Chemistry
35:23 Chain Mail Armor
36:00 Town Watch
37:20 Siege Engineers
38:08 Plate Mail Armor
38:17 Siege Onager
45:29 Iron Casting
45:43 Padded Archer Armor
45:35 Fletching
45:25 Elite Skirmisher
46:12 Thumb Ring
46:36 Town Patrol
47:32 Bodkin Arrow
47:52 Leather Archer Armor
48:33 Ballistics
48:55 Bracer
Sole
0:28 Loom
11:26 Feudal Age
18:48 Castle Age
17:49 Stone Mining
18:23 Double-Bit Axe
18:46 Horse Collar
22:02 Wheelbarrow
22:21 Gold Mining
25:27 Fletching
25:54 Padded Archer Armor
27:20 Bow Saw
27:48 Heavy Plow
29:25 Fortified Wall
30:38 Gold Shaft Mining
34:41 Imperial Age
32:51 Caravan
32:49 Bodkin Arrow
34:08 Leather Archer Armor
34:20 Ballistics
34:44 Husbandry
35:10 Bloodlines
35:58 Conscription
37:06 Hand Cart
36:54 Elite Janissary
46:28 Artillery
50:13 Forging
50:09 Scale Barding Armor
50:11 Bracer
xyz
0:59 Loom
12:36 Feudal Age
13:48 Double-Bit Axe
13:47 Horse Collar
18:03 Town Watch
20:39 Castle Age
19:17 Fletching
20:06 Stone Mining
20:31 Forging
20:43 Gold Mining
21:32 Bloodlines
21:56 Bow Saw
22:05 Heavy Plow
25:11 Scale Barding Armor
28:04 Wheelbarrow
28:16 Wheelbarrow
28:10 Husbandry
33:09 Imperial Age
32:02 Guard Tower
32:10 Bodkin Arrow
31:39 Vendel Legacy
33:12 Ballistics
34:37 Crop Rotation
35:25 Two-Man Saw
34:55 Hand Cart
35:40 Iron Casting
35:31 Conscription
36:34 Chemistry
35:08 Cavalier
38:05 Blast Furnace
37:26 Chain Barding Armor
37:53 Bracer
40:56 Plate Barding Armor
39:50 Light Cavalry
43:43 Padded Archer Armor
43:25 Elite Skirmisher
44:54 Leather Archer Armor
45:20 Masonry
CalaveraDelCid
0:27 Loom
11:03 Feudal Age
16:28 Castle Age
16:12 Double-Bit Axe
16:11 Horse Collar
18:39 Wheelbarrow
18:20 Bow Saw
20:10 Town Watch
21:07 Heavy Plow
26:54 Hand Cart
30:40 Imperial Age
29:00 Fletching
29:11 Padded Archer Armor
29:28 Gold Mining
29:59 Bodkin Arrow
31:37 Ballistics
32:21 Chemistry
32:06 Crop Rotation
32:55 Two-Man Saw
33:07 Bracer
34:34 Leather Archer Armor
35:24 Elite Genoese Crossbowman
Darth Citius
1:03 Loom
11:57 Feudal Age
16:36 Castle Age
16:03 Double-Bit Axe
16:02 Horse Collar
19:13 Bow Saw
23:36 Wheelbarrow
27:48 Imperial Age
26:26 Scale Barding Armor
26:11 Fletching
27:20 Padded Archer Armor
27:49 Gold Mining
27:50 Stone Mining
29:39 Chemistry
29:07 Fortified Wall
30:05 Heavy Plow
30:51 Bodkin Arrow
31:12 Leather Archer Armor
31:33 Town Watch
34:01 Hand Cart
34:11 Conscription
34:25 Bracer
34:38 Forging
34:48 Chain Barding Armor
35:00 Ring Archer Armor
34:48 Elite Mameluke
38:20 Iron Casting
38:20 Plate Barding Armor
38:30 Elite Skirmisher
39:16 Thumb Ring
39:02 Onager
40:16 Caravan
40:48 Coinage
42:14 Blast Furnace
46:17 Siege Onager
47:15 Siege Engineers
47:32 Ballistics
47:23 Masonry
48:19 Counterweights
BIZONADE
1:50 Loom
11:11 Feudal Age
14:26 Castle Age
19:46 Double-Bit Axe
20:03 Horse Collar
24:03 Heavy Plow
24:19 Bow Saw
30:25 Imperial Age
28:31 Wheelbarrow
27:54 Gold Mining
28:02 Stone Mining
31:17 Gold Shaft Mining
31:18 Stone Shaft Mining
30:59 Town Watch
32:20 Ballistics
33:01 Chemistry
31:57 Murder Holes
32:25 Conscription
32:26 Caravan
33:02 Coinage
33:37 Crop Rotation
34:11 Hand Cart
35:13 Double Crossbow
34:45 Sappers
35:04 Heavy Scorpion
36:07 Fortified Wall
36:49 Light Cavalry
37:40 Bloodlines
37:31 Husbandry
41:51 Siege Engineers
41:57 Masonry
41:41 Fletching
42:01 Forging
41:52 Scale Mail Armor
41:52 Padded Archer Armor
41:58 Scale Barding Armor
42:56 Hussar
45:00 Bodkin Arrow
45:41 Iron Casting
45:21 Chain Mail Armor
45:21 Leather Archer Armor
45:40 Architecture
46:54 Hoardings
BoBo鸡之印第安走地鸡
0:35 Loom
13:47 Feudal Age
16:29 Wheelbarrow
15:46 Double-Bit Axe
15:44 Horse Collar
18:34 Castle Age
20:38 Bow Saw
20:27 Stone Mining
21:30 Heavy Plow
22:10 Stone Shaft Mining
25:42 Hand Cart
27:37 Gold Mining
30:43 Gold Shaft Mining
32:12 Treadmill Crane
32:54 Ballistics
32:25 Town Watch
35:13 Imperial Age
32:47 Padded Archer Armor
32:38 Fletching
32:49 Scale Mail Armor
33:00 Forging
33:08 Squires
32:29 Pikeman
33:18 Thumb Ring
32:34 Elite Skirmisher
33:35 Herbalism
34:38 Bodkin Arrow
34:58 Leather Archer Armor
35:51 Chain Mail Armor
36:12 Iron Casting
36:34 Bracer
37:04 Plate Mail Armor
37:40 Two-Man Saw
37:14 Crop Rotation
37:13 Conscription
37:00 Huaracas
36:17 Elite Guecha Warrior
37:28 Elite Temple Guard
Connection lost

Rejoining the realm…

Still unreachable

The connection could not be restored.

Session expired

The server has moved on; the page needs a fresh start.